 Dungeon Crawl Stone Soup version 0.22-a0-456-g11ed031 (webtiles) character file.

388389 Atlas the Eclecticist (level 22, -49/153 HPs)
             Began as a Mummy Necromancer on June 7, 2018.
             Was an Initiate of Gozag.
             Annihilated by a juggernaut (63 damage)
             ... on level 5 of the Depths on June 8, 2018.
             The game lasted 04:03:22 (81812 turns).

Atlas the Eclecticist (Mummy Necromancer)          Turns: 81812, Time: 04:03:23

Health: -49/153    AC: 23    Str: 15    XL:     22   Next: 4%
Magic:  0/55       EV: 16    Int: 27    God:    Gozag
Gold:   3444       SH:  9    Dex: 20    Spells: 15/62 levels left

rFire    . . .     SeeInvis .   s - +9 falchion of Massacring {elec, rPois rF+}
rCold    + . .     Gourm    .   X - +3 buckler "Itteb" {rPois Dex+4}
rNeg     + + +     Faith    .   B - quicksilver dragon scales
rPois    ∞         Spirit   +   j - +3 helmet "Luik" {MR+ Str+2}
rElec    .         Reflect  .   q - scarf {repulsion}
rCorr    .         Harm     .   W - +2 pair of gloves {Dex+3}
MR       ++++.                  V - +2 pair of boots (curse)
Stlth    +.........             e - amulet of guardian spirit
HPRegen  0.35/turn              c - +5 ring of intelligence
MPRegen  0.34/turn              z - ring of magical power

@: glowing, silenced, repel missiles
A: no food or potions, fire vulnerability, cold resistance 1, negative energy
resistance 3, torment resistance, unbreathing, in touch with death 1
}: 2/15 runes: decaying, gossamer
a: Renounce Religion


You were on level 5 of the Depths.
You worshipped Gozag.
Gozag was most pleased with you.
You were not hungry.

You visited 8 branches of the dungeon, and saw 40 of its levels.
You visited 1 bazaar.
You also visited: Sewer and Wizlab.

You collected 19295 gold pieces.
You spent 6001 gold pieces at shops.
You paid 9850 gold pieces to Gozag.

Inventory:

Hand Weapons
 s - the +9 falchion of Massacring (weapon) {elec, rPois rF+}
   (You found it on level 7 of the Dungeon)

   Occasionally, upon striking a foe, it will discharge some electrical energy
   and cause terrible harm.
   It protects you from fire.
   It protects you from poison.
Armour
 j - the +3 helmet "Luik" (worn) {MR+ Str+2}
   (You bought it in a shop in a bazaar)

   It affects your strength (+2).
   It affects your resistance to hostile enchantments.
 q - a scarf of repulsion (worn)
 B - quicksilver dragon scales (worn)
 N - a +2 helmet of see invisible
 V - a cursed +2 pair of boots (worn)
 W - a +2 pair of gloves of dexterity (worn)
 X - the +3 buckler "Itteb" (worn) {rPois Dex+4}
   (You bought it in a shop on level 1 of the Elven Halls)

   It affects your dexterity (+4).
   It protects you from poison.
Magical Staves
 a - an uncursed staff of wizardry
 F - an uncursed staff of death
 T - an uncursed staff of energy
Jewellery
 b - an uncursed ring of protection from cold
 c - a +5 ring of intelligence (left hand)
 e - an amulet of guardian spirit (around neck)
 i - an uncursed ring of fire
 n - an uncursed ring of fire
 t - an uncursed ring of resist corrosion
 x - the ring of Zery {+Blink rC+ Slay+1}
   (You found it on level 12 of the Dungeon)

   [ring of slaying]

   It affects your accuracy and damage with ranged weapons and melee attacks
   (+1).
   It protects you from cold.
   It lets you blink.
 z - a ring of magical power (right hand)
 S - the ring "Veashi" {+Fly Dex+5}
   (You found it on level 3 of the Swamp)

   [ring of flight]

   It affects your dexterity (+5).
   It lets you fly.
 U - an uncursed ring of protection from fire
Wands
 g - a wand of polymorph (19)
 p - a wand of disintegration (17)
 r - a wand of paralysis (12)
 w - a wand of enslavement (27)
 A - a wand of iceblast (39)
 C - a wand of scattershot (3)
 P - a wand of digging (6)
 R - a wand of flame (39)
Scrolls
 d - 25 scrolls of remove curse
 f - a scroll of holy word
 h - a scroll of vulnerability
 k - a scroll of enchant armour
 o - 10 scrolls of enchant weapon
 u - 4 scrolls of summoning
 v - 6 scrolls of fog
 y - 3 scrolls of magic mapping
 D - 9 scrolls of amnesia
 E - 5 scrolls of immolation
 G - 3 scrolls of torment
 H - 15 scrolls of identify
 I - 8 scrolls of teleportation
 K - 5 scrolls of brand weapon
 L - a scroll of acquirement
 O - 4 scrolls of fear
Miscellaneous
 l - a sack of spiders
 m - a phantom mirror
 J - a fan of gales
 Q - 2 boxes of beasts


   Skills:
 - Level 8.2 Fighting
   Level 1.3(6.5) Short Blades
 - Level 10.1 Long Blades
 - Level 0.8 Staves
 - Level 8.3 Armour
 - Level 7.1 Dodging
 - Level 1.5 Stealth
 - Level 4.0 Shields
 - Level 20.8 Spellcasting
 - Level 12.6 Conjurations
 - Level 13.7 Hexes
 - Level 18.0 Necromancy
 + Level 9.2 Fire Magic
 - Level 8.1 Earth Magic
 - Level 0.8 Evocations


You had 15 spell levels left.
You knew the following spells:

 Your Spells              Type           Power        Failure   Level  Hunger
a - Pain                  Necr           ####         0%          1    N/A
c - Vampiric Draining     Necr           ########..   0%          3    N/A
d - Borgnjor's Vile Clut  Necr/Erth      #######...   1%          5    N/A
e - Shadow Creatures      Summ           N/A          98%         6    N/A
f - Dispel Undead         Necr           ########     1%          5    N/A
g - Bolt of Draining      Conj/Necr      ########..   1%          5    N/A
h - Agony                 Necr           ########     1%          5    N/A
i - Discord               Hex            #######...   50%         8    N/A
j - Fire Storm            Conj/Fire      ######....   100%        9    N/A

Your spell library contained the following spells:

 Spells                   Type           Power        Failure   Level  Hunger
 Cause Fear               Hex            #######...   1%          4    N/A
 Magic Dart               Conj           ####         0%          1    N/A
 Fireball                 Conj/Fire      ######....   1%          5    N/A
 Conjure Flame            Conj/Fire      ######..     1%          3    N/A
 Bolt of Fire             Conj/Fire      ######....   4%          6    N/A
 Lightning Bolt           Conj/Air       ######....   4%          5    N/A
 Bolt of Magma            Conj/Fire/Erth ######....   1%          5    N/A
 Confuse                  Hex            #######.     1%          3    N/A
 Throw Flame              Conj/Fire      ######       1%          2    N/A
 Freezing Cloud           Conj/Ice/Air   ######....   54%         6    N/A
 Mephitic Cloud           Conj/Pois/Air  ######..     1%          3    N/A
 Ring of Flames           Chrm/Fire      ######....   97%         7    N/A
 Venom Bolt               Conj/Pois      ######....   4%          5    N/A
 Lehudib's Crystal Spear  Conj/Erth      ######....   92%         8    N/A
 Iskenderun's Mystic Bla  Conj           #######.     1%          4    N/A
 Animate Dead             Necr           N/A          0%          4    N/A
 Animate Skeleton         Necr           N/A          0%          1    N/A
 Sticky Flame             Conj/Fire      ######..     1%          4    N/A
 Poison Arrow             Conj/Pois      ######....   28%         6    N/A
 Regeneration             Chrm/Necr      #######...   1%          3    N/A
 Sublimation of Blood     Necr           ########..   0%          2    N/A
 Corpse Rot               Necr           N/A          0%          2    N/A
 Iron Shot                Conj/Erth      ######....   5%          6    N/A
 Shock                    Conj/Air       ####         1%          1    N/A
 Swiftness                Chrm/Air       ####....     3%          2    N/A
 Spider Form              Tmut/Pois      ####......   8%          3    N/A
 Blade Hands              Tmut           ####......   56%         5    N/A
 Ice Form                 Ice/Tmut       ####....     24%         4    N/A
 Deflect Missiles         Chrm/Air       ####......   98%         6    N/A
 Glaciate                 Conj/Ice       ######....   100%        9    N/A
 Airstrike                Air            ####......   24%         4    N/A
 Confusing Touch          Hex            ######       0%          1    N/A
 Flame Tongue             Conj/Fire      #####        1%          1    N/A
 Ignite Poison            Fire/Tmut/Pois #####...     1%          3    N/A
 Sticks to Snakes         Tmut           ####....     3%          2    N/A
 Ensorcelled Hibernation  Hex/Ice        ######       1%          2    N/A
 Metabolic Englaciation   Hex/Ice        ######....   4%          5    N/A
 Silence                  Hex/Air        ######....   4%          5    N/A
 Static Discharge         Conj/Air       ######..     1%          3    N/A
 Chain Lightning          Conj/Air       ######....   100%        8    N/A
 Excruciating Wounds      Chrm/Necr      #######...   1%          5    N/A
 Petrify                  Tmut/Erth      ######..     4%          4    N/A
 Orb of Destruction       Conj           #######...   12%         7    N/A
 Darkness                 Hex            #######...   1%          6    N/A
 Inner Flame              Hex/Fire       ######..     1%          3    N/A
 Beastly Appendage        Tmut           ####..       2%          1    N/A
 Iskenderun's Battlesphe  Conj/Chrm      ######..     4%          5    N/A
 Fulminant Prism          Conj/Hex       #######...   1%          4    N/A
 Dazzling Spray           Conj/Hex       ######       1%          3    N/A
 Force Lance              Conj/Tloc      ######..     1%          4    N/A
 Searing Ray              Conj           ######       1%          2    N/A
 Spellforged Servitor     Conj/Summ      ######....   83%         7    N/A
 Gell's Gravitas          Tloc           ####......   8%          3    N/A
 Yara's Violent Unravell  Hex/Tmut       ######....   4%          5    N/A
 Poisonous Vapours        Pois/Air       ####..       3%          2    N/A
 Ignition                 Fire           ######....   98%         8    N/A

Dungeon Overview and Level Annotations

Branches:
Dungeon (15/15)            Temple (1/1) D:7            Lair (6/6) D:10
  Swamp (4/4) Lair:3       Spider (4/4) Lair:4        Slime (0/5) Lair:6
    Orc (2/2) D:11            Elf (3/3) Orc:2        Vaults (0/5) D:14
 Depths (5/5) D:15            Zot (0/5) Depths:5

Altars:
Ashenzari
Cheibriados
Dithmenos
Elyvilon
Fedhas
Gozag
Hepliaklqana
Kikubaaqudgha
Makhleb
Nemelex Xobeh
Okawaru
Qazlal
Ru
Sif Muna
Trog
Uskayaw
Vehumet
Wu Jian
Xom
Yredelemnul
Zin
The Shining One
Beogh
Jiyva

Shops:
D:9 ?=   D:11 :[*   Orc:2 ?:}*   Elf:1 [}   Depths:2 [=

Portals:
Hell: Depths:1 Depths:2 Depths:3 Depths:4 Depths:5
Abyss: Depths:3 Depths:4 Depths:5
Pandemonium: Depths:1 Depths:3
Ziggurat: Depths:5

Annotations:
D:3 pmoppi's ghost, amateur HOMo
D:4 Heh's ghost, novice TeMo
D:13 archon2's ghost, journeyman HOFi
D:14 exclusion: orange crystal statue
Swamp:2 exclusion: Roxanne, Roxanne
Elf:2 1 runed door
Depths:5 Mennas


Innate Abilities, Weirdness & Mutations

You do not eat or drink.
Your flesh is vulnerable to fire.
You are immune to poison.
Your flesh is cold resistant. (rC+)
You are immune to negative energy. (rN+++)
You are immune to unholy pain and torment.
You can survive without breathing.
You are in touch with the powers of death.


Message History

Okay, then.
Evoke which item? (* to show all) (? for menu, Esc to quit)
Aiming: Phantom Mirror
Press: ? - help, Dir - move target cursor, f/p - Mennas
Aim: Mennas, wielding a sacred scourge of holy wrath and wearing a large shield (silenced, lightly wounded, radiating silence, haloed)
You reflect Mennas with the mirror, and the mirror shatters!
The yaktaur hits you but does no damage.
Mennas blocks Mennas's attack.
Mennas completely misses Mennas.
You block Mennas's attack.
Mennas hits you with a sacred scourge of holy wrath!
* * * LOW HITPOINT WARNING * * *
You convulse!
* * * LOW HITPOINT WARNING * * *
Mennas blocks Mennas's attack. x2; You block Mennas's attack.
Mennas hits you but does no damage.
The yaktaur hits you with an uncursed spear.
* * * LOW HITPOINT WARNING * * *
The juggernaut hits you!!!
You die...
Your body crumbles into a pile of gold.

#.............(..(.
#......(.(..((<(##.
#......(......(.(##
#.......c.......#.#
#...............#..
#...............###
########'###'#####.
########∩##.....##.
#.@cc(..(.(.....##.
#CA########.##...'.
#cA# #.###.##. #..#
#.# #.##. #..# #.#
#.... ##.# #.#
##.!. #'# #'# ##...
... ... #.... ...
... #....


You could see a juggernaut, Mennas, 3 yaktaurs and the friendly Mennas.

Vanquished Creatures
  A juggernaut (Depths:5)
  An ancient lich (Depths:4)
  Sojobo (Depths:2)
  Saint Roka (Depths:2)
  2 golden dragons
  Jorgrun (Depths:1)
  A hellephant (Depths:3)
  A tentacled monstrosity (Depths:3)
  3 liches
  Rupert (D:12)
  A deep elf blademaster (Elf:2)
  Agnes (Spider:3)
  3 thorn hunters
  A storm dragon (Depths:5)
  Kirke (Swamp:2)
  2 draconian monks (Depths:5)
  A shadow dragon (Depths:4)
  A daeva (Depths:1)
  5 tengu reavers
  5 fire giants
  2 deep elf sorcerers
  A frost giant (Depths:1)
  5 emperor scorpions (Spider:4)
  A spriggan defender (Depths:3)
  A draconian annihilator (Depths:4)
  A war gargoyle (Depths:4)
  7 stone giants
  10 very ugly things
  A green draconian (Depths:5)
  3 entropy weavers
  A vampire knight (Depths:5)
  A deep elf demonologist (Elf:3)
  A purple draconian (Depths:5)
  A black draconian (Depths:5)
  A deep elf annihilator (Elf:1)
  A white draconian (Depths:5)
  15 dire elephants
  2 yellow draconians (Depths:5)
  13 spark wasps
  An eidolon (Depths:4)
  2 deep elf death magi
  11 ettins
  Snorg (Lair:3)
  A green death (WizLab)
  Josephine (D:12)
  7 great orbs of eyes
  8 fire dragons
  4 deep elf high priests
  5 yaktaur captains
  A rakshasa (D:15)
  32 hydras
  A hell beast (WizLab)
  The ghost of thechecker02 the Blocker, a journeyman GnFi of Xom (D:8)
  A ghost crab (Swamp:2)
  4 ice dragons
  19 two-headed ogres
  2 death knights
  3 spriggan air magi
  6 centaur warriors
  14 deep troll shamans
  4 ogre magi
  20 alligators
  13 deep troll earth magi
  9 tengu warriors
  A vampire mage (Depths:3)
  A queen ant (Lair:6)
  An orc high priest (Orc:2)
  5 spriggan berserkers
  A hell knight (Depths:2)
  8 deep elf knights
  3 soul eaters
  A death drake (Depths:4)
  3 shadow wraiths
  A spriggan druid (Swamp:4)
  2 sixfirhies (WizLab)
  A death drake (shapeshifter) (Depths:3)
  7 iron trolls
  A skeletal warrior (Depths:4)
  5 unseen horrors
  31 deep trolls
  3 flayed ghosts (Depths:4)
  11 swamp dragons
  3 glowing orange brains
  8 deep elf archers
  2 orange crystal statues (Depths:4)
  A wizard (Depths:1)
  A shambling mangrove (Swamp:2)
  2 phantasmal warriors
  A necromancer (Depths:2)
  An obsidian statue (Elf:1)
  An orb spider (shapeshifter) (Depths:2)
  A wolf spider zombie (D:13)
  16 orb spiders
  8 ugly things
  2 orc knights
  42 deep elf magi
  23 wolf spiders
  4 orc sorcerers (Orc:2)
  5 shining eyes
  2 cyclopes
  Maurice (D:8)
  An eye of devastation (Depths:1)
  17 elephants
  5 moths of wrath
  6 black mambas
  2 torpor snails
  A guardian serpent (Depths:3)
  4 centaur zombies
  A titan simulacrum (Depths:2)
  An orange demon (WizLab)
  A smoke demon (WizLab)
  21 spiny frogs
  5 centaur skeletons
  An eye of devastation (shapeshifter) (Depths:4)
  5 rime drakes
  A gargoyle (D:12)
  A yaktaur (shapeshifter) (Elf:3)
  2 freezing wraiths
  3 kobold demonologists
  17 yaktaurs
  9 demonic crawlers
  5 trolls
  A tormentor (WizLab)
  2 spectral merfolk (Depths:4)
  12 komodo dragons
  2 tengu conjurers
  An ice devil (WizLab)
  38 jumping spiders
  11 polar bears
  9 tyrant leeches
  50 slime creatures
  A wind drake (shapeshifter) (Depths:1)
  18 hornets
  21 blink frogs
  A polar bear (shapeshifter) (Depths:4)
  12 bog bodies
  A raiju (shapeshifter) (Depths:2)
  7 raiju
  13 hippogriffs
  A dream sheep (Lair:6)
  2 spriggan skeletons (Depths:2)
  10 shadows
  8 water elementals
  52 redbacks
  2 vampires
  9 spriggans
  22 tarantellas
  5 basilisks
  41 yaks
  11 wraiths
  3 golden eyes (Depths:1)
  17 humans
  A steam dragon (D:11)
  3 neqoxecs (WizLab)
  3 wyverns
  7 hogs
  2 hungry ghosts
  13 vampire mosquitoes
  2 chaos spawn (Swamp:3)
  Grum (D:8)
  13 wargs
  A minotaur simulacrum (Depths:4)
  An acid dragon (D:15)
  A hydra simulacrum (Depths:4)
  24 soldier ants (Lair:6)
  15 swamp worms
  A tengu zombie (Depths:2)
  10 insubstantial wisps
  A spectral troll (Depths:4)
  17 hell hounds
  12 water moccasins
  Duvessa (D:4)
  4 spectral spriggans (Depths:4)
  3 floating eyes
  18 swamp drakes
  An ice beast (shapeshifter) (Depths:5)
  24 orc warriors
  8 porcupines
  4 ice beasts
  A snapping turtle zombie (Depths:4)
  3 phantoms
  7 sky beasts
  12 ogres
  4 eyes of draining
  13 boggarts
  2 tengu (shapeshifter)
  11 centaurs
  26 wolves
  14 black bears
  13 crocodiles
  8 big kobolds
  17 bullfrogs
  A merfolk simulacrum (Depths:4)
  An earth elemental (Elf:1)
  Dowan (D:4)
  A wyvern skeleton (D:13)
  5 scorpions
  2 troll zombies (Swamp:2)
  2 spectral ogres (Depths:4)
  3 killer bees (D:10)
  5 spectral nagas (Depths:4)
  3 troll skeletons (Swamp:2)
  5 wights (D:15)
  3 howler monkeys
  An electric eel (Lair:3)
  3 crimson imps
  3 spectral centaurs (Depths:4)
  A wyvern simulacrum (D:14)
  5 jellies
  2 bullfrog zombies
  2 bullfrog skeletons
  16 orc priests
  8 hounds
  5 iguanas
  An iron imp (Depths:1)
  A gnoll shaman (D:7)
  27 orc wizards
  31 worker ants
  A worker ant zombie (D:9)
  8 gnolls
  A howler monkey skeleton (D:8)
  A naga simulacrum (Depths:4)
  7 river rats
  15 adders
  7 shadow imps
  A white imp (Depths:3)
  10 oozes
  An adder skeleton (D:8)
  6 worms
  4 dart slugs
  5 leopard geckos
  61 orcs
  11 bats
  6 giant cockroaches
  9 hobgoblins
  31 jackals
  42 kobolds
  6 quokkas
  5 ball pythons
  8 frilled lizards
  12 goblins
  2 jackal zombies
  28 rats
  2 briar patches
  A fungus (Lair:2)
  5 plants
1731 creatures vanquished.

Vanquished Creatures (collateral kills)
  3 two-headed ogres (Depths:1)
  An ogre (Depths:1)
4 creatures vanquished.

Vanquished Creatures (others)
  A two-headed ogre (Depths:1)
  29 dancing weapons
  A spriggan (Swamp:3)
  A jumping spider (Spider:3)
  A hornet (Swamp:3)
  A redback (Spider:4)
  Eustachio (D:6)
  A human (Swamp:2)
  An insubstantial wisp (Swamp:2)
  An orc wizard (Orc:2)
  5 briar patches
  99 fungi
  110 plants
  10 toadstools (D:2)
262 creatures vanquished.

Grand Total: 1997 creatures vanquished

Notes
Turn   | Place    | Note
-------+----------+-------------------------------------------
     0 | D:1      | Atlas the Mummy Necromancer began the quest for the Orb.
     0 | D:1      | Reached XP level 1. HP: 13/13 MP: 4/4
     3 | D:1      | Noticed an electric eel
     3 | D:1      | Noticed an electric eel
   658 | D:1      | Reached XP level 2. HP: 19/19 MP: 0/5
   734 | D:1      | Reached skill level 3 in Spellcasting
  1038 | D:1      | Found a shattered altar of Ashenzari.
  1064 | D:1      | Reached XP level 3. HP: 24/24 MP: 1/7
  1570 | D:1      | Learned a level 3 spell: Vampiric Draining
  1774 | D:2      | Found a blossoming altar of Fedhas.
  2192 | D:2      | Reached skill level 5 in Necromancy
  2192 | D:2      | Reached XP level 4. HP: 30/30 MP: 2/9
  2199 | D:2      | Reached skill level 4 in Spellcasting
  2367 | D:2      | Reached XP level 5. HP: 35/35 MP: 5/11
  3606 | D:3      | Noticed pmoppi's ghost (amateur HOMo)
  3655 | D:3      | Found a faded altar of an unknown god.
  4073 | D:3      | Found an ancient bone altar of Kikubaaqudgha.
  4443 | D:3      | Found a shimmering altar of Xom.
  4444 | D:3      | Found a hazy altar of Hepliaklqana.
  4445 | D:3      | Noticed a spectral ugly thing
  4697 | D:4      | Noticed a phantom
  4924 | D:4      | Noticed Duvessa
  4934 | D:4      | Noticed Dowan
  4969 | D:4      | Killed Duvessa
  4969 | D:4      | Reached skill level 5 in Spellcasting
  4969 | D:4      | Reached XP level 6. HP: 22/41 MP: 0/13
  5120 | D:4      | Killed Dowan
  5211 | D:4      | Noticed Heh's ghost (novice TeMo)
  5967 | D:4      | Reached skill level 1 in Armour
  5988 | D:4      | Reached XP level 7. HP: 47/47 MP: 3/15
  6524 | D:5      | Entered Level 5 of the Dungeon
  6536 | D:5      | Reached skill level 6 in Spellcasting
  6551 | D:5      | Found a sparkling altar of Nemelex Xobeh.
  6587 | D:5      | Found a sparkling altar of Nemelex Xobeh.
  6713 | D:5      | Found a glowing drain.
  6757 | Sewer    | Entered a sewer
  8458 | D:5      | Reached skill level 1 in Fighting
  8458 | D:5      | Reached skill level 7 in Spellcasting
  8458 | D:5      | Reached XP level 8. HP: 48/54 MP: 11/18
  9402 | D:6      | Noticed Eustachio
  9424 | D:6      | Killed Eustachio
  9424 | D:6      | Reached skill level 1 in Shields
  9840 | D:7      | Reached skill level 8 in Spellcasting
  9932 | D:7      | Reached skill level 1 in Short Blades
  9947 | D:7      | Reached XP level 9. HP: 15/59 MP: 2/21
 10034 | D:7      | Reached skill level 9 in Spellcasting
 10191 | D:7      | Found a staircase to the Ecumenical Temple.
 10200 | Temple   | Entered the Ecumenical Temple
 10256 | Temple   | Became a worshipper of Gozag Ym Sagoz the Greedy
 10589 | D:7      | Got an ancient falchion
 10590 | D:7      | Identified the +9 falchion of Massacring {elec, rPois rF+} (You found it on level 7 of the Dungeon)
 11073 | D:7      | Found a burning altar of Makhleb.
 11075 | D:7      | Noticed a balrug
 11079 | D:7      | Noticed an orange demon
 11103 | D:7      | Reached skill level 1 in Long Blades
 11691 | D:8      | Noticed Maurice
 11759 | D:8      | Noticed Grum
 12005 | D:8      | Reached XP level 10. HP: 50/67 MP: 2/23
 12013 | D:8      | Reached skill level 10 in Spellcasting
 12017 | D:8      | Killed Maurice
 12066 | D:8      | Killed Grum
 12148 | D:8      | Noticed a two-headed ogre
 12438 | D:8      | Noticed thechecker02's ghost (journeyman GnFi)
 12466 | D:8      | Found an iron altar of Okawaru.
 12574 | D:8      | Killed a two-headed ogre
 12574 | D:8      | Reached skill level 10 in Necromancy
 12601 | D:8      | Killed thechecker02's ghost
 12601 | D:8      | Reached skill level 11 in Spellcasting
 12951 | D:9      | Found a shadowy altar of Dithmenos.
 12963 | D:9      | Found a bloodstained altar of Trog.
 13101 | D:9      | Found Ditaelli's Magic Scroll Shoppe.
 13379 | D:9      | Identified the +0 leather armour "Jaobir" {rC+} (You found it on level 9 of the Dungeon)
 13513 | D:9      | Identified the +4 leather armour of Loecipp {*Slow rC+ Int+3} (You found it on level 9 of the Dungeon)
 13621 | D:10     | Entered Level 10 of the Dungeon
 14040 | D:10     | Reached skill level 12 in Spellcasting
 14040 | D:10     | Reached XP level 11. HP: 39/73 MP: 1/27
 14283 | D:10     | Found a staircase to the Lair.
 14402 | D:10     | Killed an unseen horror
 14479 | D:10     | Learned a level 3 spell: Conjure Flame
 15286 | D:10     | Identified the +0 robe of the Farrier {*Slow Str+4 Dex+5} (You found it on level 10 of the Dungeon)
 15409 | D:10     | Killed an unseen horror
 15611 | D:10     | You fall through a shaft for 3 floors!
 15760 | D:12     | Noticed a death knight
 15897 | D:12     | Noticed Rupert
 15904 | D:12     | Noticed a two-headed ogre
 16104 | D:12     | Killed Rupert
 16104 | D:12     | Reached skill level 5 in Long Blades
 16104 | D:12     | Reached skill level 13 in Spellcasting
 16657 | D:11     | Found a staircase to the Orcish Mines.
 16657 | D:11     | Noticed a two-headed ogre
 16683 | D:10     | Killed a two-headed ogre
 16683 | D:10     | Reached skill level 5 in Armour
 16842 | D:10     | Noticed a sixfirhy
 17073 | D:11     | Reached XP level 12. HP: 78/83 MP: 25/29
 17644 | D:12     | Noticed a centaur warrior
 17847 | D:12     | Killed a two-headed ogre
 17859 | D:12     | Got a crude lapis lazuli ring
 17863 | D:12     | Identified the ring of Zery {+Blink rC+ Slay+1} (You found it on level 12 of the Dungeon)
 17876 | D:12     | Killed a centaur warrior
 18494 | D:11     | Killed a death knight
 18722 | D:12     | Identified a scroll of acquirement
 18976 | D:12     | Noticed Josephine
 19006 | D:12     | Killed Josephine
 19014 | D:12     | Reached skill level 14 in Spellcasting
 19258 | D:13     | Noticed archon2's ghost (journeyman HOFi)
 19402 | D:13     | Noticed a tengu warrior
 19404 | D:13     | Noticed a tengu warrior
 19404 | D:13     | Noticed a two-headed ogre
 19423 | D:12     | Killed a tengu warrior
 19668 | D:12     | Killed a tengu warrior
 19827 | D:13     | Noticed a two-headed ogre
 19834 | D:13     | Killed a two-headed ogre
 19852 | D:13     | Killed a two-headed ogre
 19935 | D:13     | Noticed a two-headed ogre
 19944 | D:13     | Killed a two-headed ogre
 19944 | D:13     | Reached skill level 5 in Fighting
 20193 | D:11     | Bought a book of Dreams for 1050 gold pieces
 20199 | D:11     | Learned a level 5 spell: Borgnjor's Vile Clutch
 20206 | D:11     | Learned a level 6 spell: Shadow Creatures
 20230 | D:13     | Noticed a death knight
 20682 | D:13     | Gained mutation: You are in touch with the powers of death. [Mummy growth]
 20682 | D:13     | Reached XP level 13. HP: 83/91 MP: 31/31
 21338 | D:14     | Found a gate to the Vaults.
 22249 | D:14     | Reached skill level 5 in Dodging
 22638 | D:13     | Reached skill level 1 in Earth Magic
 23427 | D:15     | Entered Level 15 of the Dungeon
 24119 | D:15     | Reached skill level 15 in Spellcasting
 24150 | D:15     | Identified the +1 leather armour of the Barracuda {rC+ Dex+3} (You found it on level 15 of the Dungeon)
 25042 | D:11     | Bought a book of Death for 980 gold pieces
 25048 | D:11     | Learned a level 5 spell: Dispel Undead
 25356 | D:15     | Found a staircase to the Depths.
 25607 | D:15     | Reached XP level 14. HP: 98/99 MP: 31/33
 25870 | Lair:1   | Entered Level 1 of the Lair of Beasts
 26745 | Lair:1   | Identified the Guide on Stolen Souls
 28087 | Lair:3   | Learned a level 5 spell: Bolt of Draining
 28354 | Lair:3   | Found a staircase to the Swamp.
 28770 | Lair:3   | Noticed Snorg
 28777 | Lair:3   | Killed Snorg
 29069 | Lair:4   | Found a hole to the Spider Nest.
 29370 | Lair:4   | Reached skill level 16 in Spellcasting
 29585 | Lair:4   | Learned a level 5 spell: Agony
 30653 | Lair:5   | Reached skill level 15 in Necromancy
 31153 | Lair:6   | Entered Level 6 of the Lair of Beasts
 31190 | Lair:6   | Found a viscous altar of Jiyva.
 31190 | Lair:6   | Found a staircase to the Slime Pits.
 31266 | Lair:6   | Reached XP level 15. HP: 99/106 MP: 28/35
 31948 | Lair:6   | Identified the +1 chain mail of New Discoveries {rCorr Int+7 Stlth-} (You found it on level 6 of the Lair of Beasts)
 33914 | Orc:1    | Entered Level 1 of the Orcish Mines
 34031 | Orc:1    | Found a roughly hewn altar of Beogh.
 34400 | Orc:2    | Entered Level 2 of the Orcish Mines
 34508 | Orc:2    | Found a staircase to the Elven Halls.
 34586 | Orc:2    | Reached skill level 17 in Spellcasting
 34624 | Orc:2    | Found a radiant altar of Vehumet.
 35427 | Orc:2    | Found Moesamibu's General Store.
 35427 | Orc:2    | Found Yreduov's Book Emporium.
 35429 | Orc:2    | Found Yram Veate's Magic Scroll Emporium.
 35439 | Orc:2    | Found Nydau's Gadget Shoppe.
 35443 | Orc:2    | Bought a scroll of enchant armour for 90 gold pieces
 35443 | Orc:2    | Bought a scroll of magic mapping for 42 gold pieces
 35443 | Orc:2    | Bought a scroll of teleportation for 36 gold pieces
 35443 | Orc:2    | Bought a scroll of fear for 42 gold pieces
 35444 | Orc:2    | Bought a book of Annihilations for 1435 gold pieces
 35759 | Spider:1 | Entered Level 1 of the Spider Nest
 36153 | Spider:1 | Got a steaming lead amulet
 36159 | Spider:1 | Identified the amulet of Propriety {Gourm rElec rC+ Dex-2} (You found it on level 1 of the Spider Nest)
 37346 | Spider:2 | Found a frozen archway.
 37675 | Spider:2 | Reached skill level 5 in Earth Magic
 38318 | Spider:2 | Reached XP level 16. HP: 105/115 MP: 37/37
 38672 | Spider:3 | Noticed Agnes
 39125 | Spider:3 | Killed Agnes
 40042 | Spider:2 | Learned a level 8 spell: Discord
 40058 | Spider:2 | Reached skill level 1 in Hexes
 41434 | Spider:3 | Reached skill level 5 in Hexes
 41991 | Spider:4 | Entered Level 4 of the Spider Nest
 44127 | Spider:4 | Got a gossamer rune of Zot
 44710 | Swamp:1  | Entered Level 1 of the Swamp
 44982 | Swamp:1  | Identified the +2 robe of Yloagg {Stlth+} (You found it on level 1 of the Swamp)
 45859 | Swamp:1  | Reached XP level 17. HP: 51/120 MP: 2/38
 46363 | Swamp:1  | Reached skill level 10 in Hexes
 47395 | Swamp:2  | Noticed Roxanne
 48668 | D:11     | Bought a +1 helmet of see invisible for 198 gold pieces
 48681 | D:11     | Bought a scroll of enchant armour for 315 gold pieces
 49812 | Swamp:2  | Noticed Kirke
 49833 | Swamp:2  | Killed Kirke
 52281 | Swamp:3  | Found a transporter.
 52677 | Swamp:3  | Found a transporter.
 53704 | Swamp:3  | Got a warped ivory ring
 53717 | Swamp:3  | Got a translucent silver ring
 53723 | Swamp:3  | Identified the ring "Joguvedyg" {+Blink rPois rF- MR- Slay+3} (You found it on level 3 of the Swamp)
 53726 | Swamp:3  | Identified the ring "Veashi" {+Fly Dex+5} (You found it on level 3 of the Swamp)
 53739 | Swamp:4  | Entered Level 4 of the Swamp
 54219 | Swamp:4  | Learned a level 9 spell: Fire Storm
 54797 | Swamp:4  | Reached skill level 18 in Spellcasting
 55001 | Swamp:4  | Reached XP level 18. HP: 127/127 MP: 19/40
 55433 | Swamp:4  | Got a decaying rune of Zot
 57060 | Depths:1 | Entered Level 1 of the Depths
 58104 | Depths:1 | Found a gateway to Hell.
 58406 | Depths:1 | Found a one-way gate leading to the halls of Pandemonium.
 58434 | Depths:1 | Found a large runed door.
 58434 | Depths:1 | Found a large runed door.
 59310 | Depths:1 | Found a glowing golden altar of the Shining One.
 59731 | Depths:1 | Reached skill level 19 in Spellcasting
 60040 | Depths:2 | Noticed Jorgrun
 60052 | Depths:1 | Killed Jorgrun
 62160 | Depths:2 | Noticed Saint Roka
 62166 | Depths:2 | Killed Saint Roka
 62166 | Depths:2 | Reached XP level 19. HP: 87/134 MP: 7/42
 62431 | Depths:2 | Noticed Sojobo
 62441 | Depths:2 | Killed Sojobo
 63210 | Depths:2 | Found a transporter.
 63376 | Depths:2 | Noticed a Brimstone Fiend
 63447 | Depths:2 | Reached skill level 10 in Long Blades
 63697 | Depths:2 | Found a transporter.
 63731 | Depths:2 | Got a warped silver amulet
 63738 | Depths:2 | Identified the amulet of Qieteekko {Inacc rPois Int-2 Dex+6 SInv} (You found it on level 2 of the Depths)
 63815 | Depths:3 | Reached skill level 20 in Spellcasting
 63834 | Depths:3 | Reached skill level 1 in Conjurations
 66780 | Depths:3 | Noticed a hellephant
 66808 | Depths:3 | Killed a hellephant
 66808 | Depths:3 | Reached XP level 20. HP: 52/141 MP: 7/44
 68142 | Depths:3 | Reached skill level 5 in Conjurations
 68600 | Depths:3 | Found a one-way gate to the infinite horrors of the Abyss.
 68609 | Depths:3 | Noticed a golden dragon
 68618 | Depths:3 | Killed a golden dragon
 70152 | Elf:1    | Entered Level 1 of the Elven Halls
 70185 | Elf:1    | Found a magical portal.
 70190 | WizLab   | Entered The Hall of the Hellbinder
 70671 | Elf:1    | Found Ehostrayl's Antique Armour Boutique.
 70673 | Elf:1    | Found Ehinacuz's Gadget Boutique.
 70689 | Elf:1    | Bought a pair of runed gloves for 172 gold pieces
 70689 | Elf:1    | Bought a brightly glowing buckler for 218 gold pieces
 70710 | Elf:1    | Identified the +3 buckler "Itteb" {rPois Dex+4} (You bought it in a shop on level 1 of the Elven Halls)
 70856 | Elf:1    | Found a gateway to a bazaar.
 70941 | Bazaar   | Entered a bazaar
 70941 | Bazaar   | Found Peniy's Assorted Antiques.
 70941 | Bazaar   | Found Qoanank's Book Shoppe.
 70941 | Bazaar   | Found Seigi's Magic Scroll Emporium.
 70943 | Bazaar   | Found Emakomna's Weapon Emporium.
 70948 | Bazaar   | Bought a book of Fire for 585 gold pieces
 70954 | Bazaar   | Bought a scroll of acquirement for 468 gold pieces
 70955 | Bazaar   | Got a translucent glass ring
 70957 | Bazaar   | Identified the ring "Foesoges" {rF- rC+ rN+ Dex+6} (You acquired it in a bazaar)
 70966 | Bazaar   | Bought a spiked helmet for 370 gold pieces
 70976 | Bazaar   | Identified the +3 helmet "Luik" {MR+ Str+2} (You bought it in a shop in a bazaar)
 72536 | Elf:2    | Found a runed door.
 72565 | Elf:2    | Reached skill level 10 in Conjurations
 72573 | Elf:2    | Found a runed door.
 73577 | Elf:2    | Reached XP level 21. HP: 123/147 MP: 29/45
 73997 | Elf:3    | Entered Level 3 of the Elven Halls
 76463 | Depths:4 | Noticed an ancient lich
 76467 | Depths:4 | Killed an ancient lich
 76700 | Depths:4 | Reached skill level 1 in Fire Magic
 77395 | Depths:4 | Identified the +9 shortbow of Understanding {freeze, MP+9 Stlth+} (You found it on level 4 of the Depths)
 77872 | Depths:5 | Entered Level 5 of the Depths
 78148 | Depths:5 | Noticed a juggernaut
 78170 | Depths:5 | Killed a juggernaut
 78512 | Depths:5 | Reached skill level 5 in Fire Magic
 79461 | Depths:5 | Found a gate to the Realm of Zot.
 79466 | Depths:5 | Noticed a golden dragon
 81105 | Depths:5 | Killed a golden dragon
 81288 | Depths:5 | Reached XP level 22. HP: 77/153 MP: 6/46
 81298 | Depths:5 | Noticed Mennas
 81707 | Depths:5 | Found a gateway to a ziggurat.
 81804 | Depths:5 | Noticed a juggernaut
 81812 | Depths:5 | Annihilated by a juggernaut

Vault maps used:
D:1:      arrival_aquarium_b, evilmike_ruin_ashenzari
D:2:      cheibrodos_fertilizer, fedhas_altar_1
D:3:      regret_index_temple_of_mockery, lemuel_doored_altar,
          chequers_ecumenical_altar_simple, lemuel_old_faithful
D:4:      dk_vineyard_2, uniq_duvessa
D:5:      nemelex_xobeh_ov_fountains_minmay, first_ration, portal_sewer_entry_b,
          kennysheep_flooded_box
D:6:      uniq_eustachio
D:7:      lemuel_ice_spiral_2, temple_hall, grunt_livestock,
          makhleb_altar_promises_db
D:8:      okawaru_altar_gauntlet_db, uniq_maurice, uniq_grum
D:9:      lemuel_crystal_altar, serial_shops,
          nicolae_shop_temple_entry_statues_fountains, grunt_dithmenos_smoke
D:10:     minmay_lair_entry_grove
D:11:     david_orc_2
D:12:     uniq_rupert, uniq_josephine
D:14:     david_vaults_3, grunt_decor_arrowhead, minmay_statue_bubble
D:15:     grunt_enter_depths_snipers, solitary_fountain
Temple:   eino_temple_water
Lair:1:   beast_lair_carwin_3
Lair:2:   beast_lair_carwin_2
Lair:3:   nicolae_swamp_entry_splash_gauntlet, st_stairs_8, uniq_snorg
Lair:4:   dummy_spider_entry, st_stairs_9
Lair:5:   serial_bayou_shore_b
Lair:6:   hangedman_lair_caniforms_friends, slime_altar_1, minivault_29
Swamp:1:  evilmike_swamp_ruin_house_5, swamp_pool5, cheibrodos_swamp_pet_leeches
Swamp:2:  evilmike_swamp_ruin_house_4, cheibrodos_swamp_minitomb, uniq_roxanne,
          uniq_kirke
Swamp:3:  gammafunk_its_a_trap, evilmike_swamp_ruin_rubble_1, swamp_pool2
Swamp:4:  swamp_alternative, infiniplex_staircase_pool
Spider:2: portal_ice_cave_entry_pillars_2
Spider:3: uniq_agnes
Spider:4: grunt_spider_rune_circles
Orc:1:    basic_altar
Orc:2:    st_orc_mages, basic_altar
Elf:1:    mu_enter_wizlab_2, serial_shops, statue_bzr, shop,
          nicolae_shop_statue_plus, kennysheep_underground_church
Elf:3:    nooodl_elf_gasket
Depths:1: abrahamwl_protected_by_tso_2, hell_entry, minmay_misc_feat_iff,
          rand_demon_pan_entry_1, hangedman_abyss_or_decor_lesser_grid,
          abandoned_shop, minmay_misc_feat_cross, hangedman_eye_storm
Depths:2: gammafunk_the_bubble, hell_entry, small_statue_intersection,
          hangedman_decor_peaks_small, infiniplex_staircase_pool_2,
          uniq_saint_roka, uniq_sojobo, uniq_jorgrun
Depths:3: mu_elephants_graveyard, minmay_misc_feat_chi, pan_entry,
          hangedman_abyss_entry_splay, hangedman_coc_ice_floe,
          fake_guardian_serpent_vault
Depths:4: lemuel_river_lethe, hell_entry, abyss_entry, serial_shops
Depths:5: grunt_zot_entry_funnels, enter_ziggurat_d, abyss_entry, hell_entry,
          minmay_misc_feat_doors, eino_small_chamber_without_monster,
          minmay_evil_grid, infiniplex_staircase_pool_lava, uniq_mennas
Bazaar:   bazaar_general_marketplace
Sewer:    sewer_minmay_treatment
WizLab:   wizlab_demon

Skill      XL: |  1  2  3  4  5  6  7  8  9 10 11 12 13 14 15 16 17 18 19 20 21 |
---------------+----------------------------------------------------------------+-----
Spellcasting   | 3 4 5 7 8 9 12 13 14 15 16 17 18 19 20 | 20.8
Necromancy     | 5 6 7 8 9 10 11 12 13 15 16 17 18 | 18.0
Armour         | 1 2 3 4 5 6 7 8 |  8.3
Dodging        | 2 3 4 5 6 7 |  7.1
Fighting       | 1 2 3 5 6 7 8 |  8.2
Shields        | 1 2 3 4 |  4.0
Short Blades   | 1 |  1.3
Long Blades    | 3 5 6 7 8 9 10 | 10.1
Earth Magic    | 1 3 5 7 8 |  8.1
Hexes          | 9 13 | 13.7
Conjurations   | 1 10 12 | 12.6
Fire Magic     | 9 |  9.2
Staves         | |  0.8
Stealth        | |  1.5
Evocations     | |  0.8

Action                   |  1- 3 |  4- 6 |  7- 9 | 10-12 | 13-15 | 16-18 | 19-21 | 22-24 || total
-------------------------+-------+-------+-------+-------+-------+-------+-------+-------++-------
Melee: Unarmed           |    37 |       |       |       |       |       |       |       ||    37
       Staff             |       |    25 |    76 |       |       |       |       |       ||   101
       Dagger            |       |    40 |    76 |       |       |       |       |       ||   116
       Falchion          |       |       |    85 |   445 |   993 |   780 |   554 |     9 ||  2866
 Cast: Pain              |    82 |   166 |   240 |   207 |   126 |   161 |     8 |       ||   990
       Vampiric Draining |       |     2 |    26 |    54 |    45 |    58 |    10 |       ||   195
       Conjure Flame     |       |       |       |     1 |     3 |       |       |       ||     4
       Borgnjor's Vile C |       |       |       |       |   201 |   313 |   364 |     6 ||   884
       Dispel Undead     |       |       |       |       |     4 |    42 |    59 |     1 ||   106
       Bolt of Draining  |       |       |       |       |     4 |    35 |    58 |       ||    97
       Agony             |       |       |       |       |       |   131 |    56 |       ||   187
       Discord           |       |       |       |       |       |     1 |       |       ||     1
Invok: Potion Petition   |       |       |     1 |       |     2 |     1 |     7 |       ||    11
       Call Merchant     |       |       |       |     2 |       |     2 |     2 |       ||     6
 Abil: Stop Flying       |       |       |       |       |       |       |     2 |       ||     2
       Evoke Flight      |       |       |       |       |       |       |     2 |       ||     2
Evoke: Wand              |       |       |       |     6 |     3 |    15 |    25 |       ||    49
       Phantom mirror    |       |       |       |       |       |       |       |     1 ||     1
  Use: Scroll            |       |     5 |     7 |    18 |    18 |    14 |    13 |     2 ||    77
 Stab: Sleeping          |       |       |     2 |     3 |       |     1 |     1 |       ||     7
       Distracted        |       |       |     1 |     4 |    10 |     5 |     5 |       ||    25
       Paralysed         |       |       |       |    16 |       |       |     8 |       ||    24
       Confused          |       |       |       |       |       |     2 |       |       ||     2
       Invisible         |       |       |       |       |       |       |     2 |       ||     2
Armor: Robe              |    15 |       |       |       |       |       |       |       ||    15
       Leather armour    |     5 |    13 |       |       |       |       |       |       ||    18
       Ring mail         |       |    20 |   145 |   241 |   522 |   466 |   190 |       ||  1584
       Quicksilver drago |       |       |       |       |       |       |    71 |    15 ||    86
Dodge: Dodged            |    39 |    60 |   179 |   280 |   795 |   549 |   348 |    14 ||  2264
       Deflected         |       |       |     5 |    35 |    11 |    32 |    28 |     2 ||   113
Block: Buckler           |       |    17 |    88 |   141 |   284 |   222 |   191 |    12 ||   955
       Rpst.: Falchion   |       |       |    22 |    70 |   189 |   127 |    70 |     1 ||   479

Table legend:
 A = Spawn XP
 B = Non-spawn XP
 C = Spawn XP percentage of total XP
 D = Spawn monster count
 E = Non-spawn monster count
 F = Spawn count percentage of total count
 G = Total turns spent on level
                    A         B        C        D         E        F      G
               +---------+---------+-------+---------+---------+-------+---------
         Total |       0 |  713474 |   0.0 |       0 |    1760 |   0.0 | 81812
               +---------+---------+-------+---------+---------+-------+---------
           D:1 |       0 |      61 |   0.0 |       0 |      32 |   0.0 |  1609
           D:2 |       0 |     197 |   0.0 |       0 |      38 |   0.0 |  2138
           D:3 |       0 |      89 |   0.0 |       0 |      27 |   0.0 |  1551
           D:4 |       0 |     462 |   0.0 |       0 |      18 |   0.0 |  1226
           D:5 |       0 |     475 |   0.0 |       0 |      23 |   0.0 |  1161
           D:6 |       0 |     579 |   0.0 |       0 |      10 |   0.0 |   947
           D:7 |       0 |    2108 |   0.0 |       0 |      29 |   0.0 |  1388
           D:8 |       0 |    4428 |   0.0 |       0 |      39 |   0.0 |  1509
           D:9 |       0 |     487 |   0.0 |       0 |      10 |   0.0 |   711
          D:10 |       0 |    7901 |   0.0 |       0 |      46 |   0.0 |  2808
          D:11 |       0 |    2890 |   0.0 |       0 |      32 |   0.0 |  1275
          D:12 |       0 |   11861 |   0.0 |       0 |      51 |   0.0 |  3392
          D:13 |       0 |    8758 |   0.0 |       0 |      27 |   0.0 |  1735
          D:14 |       0 |   11886 |   0.0 |       0 |      39 |   0.0 |  1526
          D:15 |       0 |   13058 |   0.0 |       0 |      45 |   0.0 |  2054
        Lair:1 |       0 |    5037 |   0.0 |       0 |      22 |   0.0 |  1430
        Lair:2 |       0 |    5338 |   0.0 |       0 |      20 |   0.0 |  1100
        Lair:3 |       0 |   11373 |   0.0 |       0 |      39 |   0.0 |  1388
        Lair:4 |       0 |    9047 |   0.0 |       0 |      35 |   0.0 |   781
        Lair:5 |       0 |    5700 |   0.0 |       0 |      16 |   0.0 |  1588
        Lair:6 |       0 |   26068 |   0.0 |       0 |     128 |   0.0 |  2239
       Swamp:1 |       0 |   22195 |   0.0 |       0 |      69 |   0.0 |  3948
       Swamp:2 |       0 |   21754 |   0.0 |       0 |      57 |   0.0 |  2215
       Swamp:3 |       0 |   28765 |   0.0 |       0 |      51 |   0.0 |  3597
       Swamp:4 |       0 |   27413 |   0.0 |       0 |      52 |   0.0 |  1978
      Spider:1 |       0 |   10521 |   0.0 |       0 |      29 |   0.0 |  2097
      Spider:2 |       0 |   17493 |   0.0 |       0 |      54 |   0.0 |  2741
      Spider:3 |       0 |   17104 |   0.0 |       0 |      38 |   0.0 |  1660
      Spider:4 |       0 |   24927 |   0.0 |       0 |      57 |   0.0 |  2411
         Orc:1 |       0 |    1291 |   0.0 |       0 |      11 |   0.0 |   841
         Orc:2 |       0 |    6480 |   0.0 |       0 |      68 |   0.0 |   950
         Elf:1 |       0 |   23327 |   0.0 |       0 |      33 |   0.0 |  1752
         Elf:2 |       0 |   43112 |   0.0 |       0 |      57 |   0.0 |  2254
         Elf:3 |       0 |   10024 |   0.0 |       0 |      10 |   0.0 |   327
      Depths:1 |       0 |   55288 |   0.0 |       0 |      75 |   0.0 |  4491
      Depths:2 |       0 |   52510 |   0.0 |       0 |      52 |   0.0 |  4128
      Depths:3 |       0 |  102019 |   0.0 |       0 |     113 |   0.0 |  4289
      Depths:4 |       0 |   48680 |   0.0 |       0 |      94 |   0.0 |  4425
      Depths:5 |       0 |   66824 |   0.0 |       0 |      55 |   0.0 |  2520
         Sewer |       0 |     263 |   0.0 |       0 |      48 |   0.0 |  1157
        WizLab |       0 |    5681 |   0.0 |       0 |      11 |   0.0 |   204
               +---------+---------+-------+---------+---------+-------+---------
